 Dungeon Crawl Stone Soup version 0.21-a0-84-g85d6d27 (webtiles) character file.

1037 tairseth the Insei (level 8, -8/67 HPs)
             Began as a Purple Draconian Transmuter on June 27, 2017.
             Was a Follower of Wu Jian.
             Mangled by Pikel
             ... wielding a +1 whip of electrocution
              (9 damage)
             ... on level 7 of the Dungeon.
             The game lasted 00:15:24 (5083 turns).

tairseth the Insei (Purple Draconian Transmuter)    Turns: 5083, Time: 00:15:24

Health: -8/67      AC:  7    Str: 13    XL:     8   Next: 4%
Magic:  15/15      EV: 16    Int: 13    God:    Wu Jian [*.....]
Gold:   254        SH:  0    Dex: 14    Spells: 14/17 levels left

rFire    . . .     SeeInvis .   o - +3 dagger (venom)
rCold    . . .     Gourm    .   (no shield)
rNeg     . . .     Faith    .   (armour unavailable)
rPois    +         Spirit   .   (helmet restricted)
rElec    .         Reflect  .   (no cloak)
rCorr    .         Harm     .   (no gloves)
MR       +....                  h - +0 pair of boots
Stlth    +.........             (no amulet)
HPRegen  0.21/turn              t - ring of poison resistance
MPRegen  0.14/turn              i - +2 ring of evasion

@: appendage (expiring)
A: breathe power, unfitting armour, horns 2, cold-blooded, AC +6
a: Breathe Dispelling Energy, End Transformation, Renounce Religion


You were on level 7 of the Dungeon.
You worshipped Wu Jian.
Wu Jian was aware of your devotion.
You were not hungry.
You had grown temporary horns.
You visited 2 branches of the dungeon, and saw 8 of its levels.

You collected 254 gold pieces.

Inventory:

Hand Weapons
 o - a +3 dagger of venom (weapon)
Missiles
 a - 119 arrows
 k - 6 javelins (quivered)
 m - 8 tomahawks of returning
Armour
 h - a +0 pair of boots (worn)
Jewellery
 i - a +2 ring of evasion (right hand)
 t - a ring of poison resistance (left hand)
 v - the ring "Ugioqaoc" {rF+ rN+}
   (You found it on level 5 of the Dungeon)

   [ring of protection from fire]

   It protects you from fire.
   It protects you from negative energy.
Wands
 e - a wand of enslavement (6/24)
 l - a wand of enslavement (15/24)
 p - a wand of acid (4/15)
Scrolls
 d - a scroll of blinking
 f - 3 scrolls of remove curse
 j - 2 scrolls of identify
 q - a scroll of enchant armour
 r - a scroll of amnesia
 u - 2 scrolls of recharging {unknown}
 y - a scroll of vulnerability {unknown}
Potions
 z - 2 potions of might
Books
 b - a book of Changes

   Spells                             Type                      Level
   a - Beastly Appendage              Transmutation                1
   b - Sticks to Snakes               Transmutation                2
   c - Spider Form                    Transmutation/Poison         3
   d - Ice Form                       Ice/Transmutation            4
   e - Blade Hands                    Transmutation                5
 w - a book of Minor Magic

   Spells                             Type                      Level
   a - Magic Dart                     Conjuration                  1
   b - Blink                          Translocation                2
   c - Call Imp                       Summoning                    2
   d - Slow                           Hexes                        2
   e - Conjure Flame                  Conjuration/Fire             3
   f - Mephitic Cloud                 Conjuration/Poison/Air       3
 x - a Young Poisoner's Handbook

   Spells                             Type                      Level
   a - Sting                          Conjuration/Poison           1
   b - Poisonous Vapours              Poison/Air                   2
   c - Mephitic Cloud                 Conjuration/Poison/Air       3
   d - Olgreb's Toxic Radiance        Poison                       4
   e - Venom Bolt                     Conjuration/Poison           5
Comestibles
 c - 3 bread rations
 g - 3 fruits
 n - 3 meat rations
 s - 2 royal jellies
 A - 5 chunks of flesh


   Skills:
 + Level 4.3 Fighting
 + Level 4.1 Dodging
 + Level 5.1 Unarmed Combat
 + Level 5.1 Spellcasting
 + Level 4.6 Transmutations


You had 14 spell levels left.
You knew the following spells:

 Your Spells              Type           Power        Failure   Level  Hunger
a - Beastly Appendage     Tmut           ###...       2%          1    None
b - Sticks to Snakes      Tmut           ###.....     4%          2    ##.....


Dungeon Overview and Level Annotations

Branches:
Dungeon (7/15)             Temple (1/1) D:5

Altars:
Ashenzari
Cheibriados
Dithmenos
Elyvilon
Fedhas
Gozag
Kikubaaqudgha
Makhleb
Nemelex Xobeh
Okawaru
Ru
Sif Muna
Vehumet
Wu Jian
Xom
Yredelemnul
Zin
The Shining One

Annotations:
D:7 Pikel


Innate Abilities, Weirdness & Mutations

You can breathe bolts of dispelling energy.
Your rich purple scales are hard. (AC +6)
You cannot fit into any form of body armour.
You are cold-blooded and may be slowed by cold attacks.
You have a pair of horns on your head.


Message History

Pikel is heavily wounded.
Pikel hits you with a whip of electrocution.
* * * LOW HITPOINT WARNING * * *
The slave barely misses you. The slave closely misses you.
You hit Pikel.
Pikel looks as sick as possible!
Pikel is severely wounded.
Pikel hits you but does no damage.
You are electrocuted!
* * * LOW HITPOINT WARNING * * *
The slave misses you. The slave hits you.
* * * LOW HITPOINT WARNING * * *
You barely miss Pikel. Your headbutt misses Pikel.
Pikel is severely wounded.
Pikel barely misses you. The slave hits you.
* * * LOW HITPOINT WARNING * * *
The slave hits you.
* * * LOW HITPOINT WARNING * * *
You completely miss Pikel.
Your tail-slap misses Pikel.
Pikel is almost dead.
Pikel hits you with a whip of electrocution!
You die...

.......p..
#..........
#.........
#..>......
#..p......
.#####.........
........# .#####
........##p....#
........K@p#
.......<####
..........?#
........##.#
........# #
###......
#...... #......
#.......


You could see Pikel and 2 slaves.

Vanquished Creatures
  A sky beast (D:6)
  An ice beast (D:5)
  2 slaves (D:7)
  2 ogres
  A centaur (D:5)
  A bullfrog (D:6)
  A howler monkey (D:6)
  2 crimson imps (D:5)
  2 hounds
  An orc wizard (D:4)
  Jessica (D:2)
  Ijyb (D:3)
  2 worker ants (D:6)
  2 hound skeletons (D:6)
  3 adders
  2 shadow imps (D:5)
  An ooze (D:1)
  An adder zombie (D:7)
  An adder skeleton (D:6)
  3 worms (D:3)
  3 leopard geckos
  6 orcs
  A ball python (D:6)
  11 bats
  7 giant cockroaches
  6 goblins
  8 hobgoblins
  9 jackals
  2 quokkas (D:3)
  5 frilled lizards
  A jackal skeleton (D:4)
  8 kobolds
  A quokka skeleton (D:5)
  6 rats
105 creatures vanquished.

Vanquished Creatures (collateral kills)
  An ogre (D:6)
1 creature vanquished.

Grand Total: 106 creatures vanquished

Notes
Turn   | Place    | Note
-------+----------+-------------------------------------------
     0 | D:1      | tairseth the Draconian Transmuter began the quest for the Orb.
     0 | D:1      | Reached XP level 1. HP: 16/16 MP: 3/3
   292 | D:1      | Reached XP level 2. HP: 23/23 MP: 1/5
   911 | D:2      | HP: 1/23 [adder (2)]
   912 | D:2      | Reached XP level 3. HP: 2/28 MP: 6/6
   947 | D:2      | Noticed Jessica
   955 | D:2      | Killed Jessica
  1305 | D:2      | Reached XP level 4. HP: 34/36 MP: 5/7
  1639 | D:3      | Noticed Ijyb
  1661 | D:3      | Killed Ijyb
  2015 | D:3      | Found a burning altar of Makhleb.
  2068 | D:3      | Reached XP level 5. HP: 39/41 MP: 9/9
  2270 | D:3      | Found a shimmering altar of Xom.
  2456 | D:3      | Learned a level 2 spell: Sticks to Snakes
  2913 | D:4      | Noticed an ogre
  2920 | D:4      | Killed an ogre
  2968 | D:4      | Reached XP level 6. HP: 40/50 MP: 5/10
  3012 | D:4      | Found a deep blue altar of Sif Muna.
  3109 | D:4      | Found a blossoming altar of Fedhas.
  3436 | D:5      | Entered Level 5 of the Dungeon
  3441 | D:5      | Found a staircase to the Ecumenical Temple.
  3448 | Temple   | Entered the Ecumenical Temple
  3489 | Temple   | Became a worshipper of the Wu Jian Council
  3605 | D:5      | Got a twitching steel ring
  3608 | D:5      | Noticed an ice beast
  3619 | D:5      | Killed an ice beast
  3620 | D:5      | Identified the ring "Ugioqaoc" {rF+ rN+} (You found it on level 5 of the Dungeon)
  3805 | D:5      | Your scales start taking on a rich purple colour.
  3805 | D:5      | Reached XP level 7. HP: 24/57 MP: 13/13
  4112 | D:5      | Found a glowing golden altar of the Shining One.
  4496 | D:6      | Reached skill level 5 in Unarmed Combat
  4599 | D:6      | Reached skill level 5 in Spellcasting
  4884 | D:6      | Reached XP level 8. HP: 63/67 MP: 15/15
  5044 | D:7      | Reached * piety under Wu Jian
  5051 | D:7      | Noticed Pikel
  5082 | D:7      | HP: 2/67 [slave[Pikel] (5)]
  5083 | D:7      | Mangled by Pikel

Vault maps used:
D:1:      lemuel_arrival_hallway
D:2:      first_bread, minmay_tree_intersection, uniq_jessica
D:3:      nicolae_overflow_crystal_walls, makhleb_heckhound_becter, uniq_ijyb
D:4:      marbit_many_paths, lemuel_doored_altar
D:5:      minmay_temple_entry_junction, tso_altar
D:6:      hangedman_decor_points
D:7:      eat_drink_and_be_merry_uskayaw, uniq_pikel
Temple:   eino_temple_lava

Skill      XL: |  1  2  3  4  5  6  7 |
---------------+----------------------+-----
Dodging        | 2 3 4 |  4.1
Fighting       | 2 3 4 |  4.3
Transmutations | 3 4 |  4.6
Unarmed Combat | 4 5 |  5.1
Spellcasting   | 3 4 5 |  5.1

Action                   |  1- 3 |  4- 6 |  7- 9 || total
-------------------------+-------+-------+-------++-------
Melee: Unarmed           |   110 |    28 |       ||   138
       Tailslap          |     8 |    17 |    15 ||    40
       Headbutt          |     8 |    13 |     8 ||    29
       Punch             |     1 |     1 |     1 ||     3
       Kick              |     2 |       |       ||     2
       Dagger            |       |   126 |   142 ||   268
Throw: Javelin           |       |     3 |       ||     3
 Cast: Beastly Appendage |    14 |     8 |     2 ||    24
       Sticks to Snakes  |       |     3 |     3 ||     6
  Use: Potion            |     4 |     3 |       ||     7
       Scroll            |     6 |     6 |       ||    12
 Stab: Sleeping          |       |     2 |     1 ||     3
  Eat: Chunk             |     1 |     9 |     3 ||    13
       Fruit             |       |       |     1 ||     1
Armor: Skin              |    28 |    43 |    37 ||   108
Dodge: Dodged            |    72 |   115 |   117 ||   304
